 Seeded DCSS version 0.30-a0-1066-g63dfefce0d (webtiles) character file.

Game seed: 12174115960195584590 (custom seed)

125412 valliere the Fencer (level 16, -3/127 HPs)
             Began as a Demonspawn Monk on Apr 11, 2023.
             Was the Champion of Makhleb.
             Killed from afar by a Hell Sentinel (42 damage)
             ... with damnation
             ... on level 2 of the Abyss on Apr 12, 2023.
             The game lasted 01:28:38 (19279 turns).

valliere the Fencer (Demonspawn Monk)              Turns: 19279, Time: 01:28:38

Health: -3/127     AC: 26    Str: 20    XL:     16   Next: 41%
Magic:  35/35      EV: 19    Int: 19    God:    Makhleb [******]
Gold:   1913       SH: 13    Dex: 29    Spells: 15/15 levels left

rFire   . . .      SeeInvis .    v - +11 long sword of Evolution {flame, rElec rPois rN++ Int+3}
rCold   + . .      Faith    .    L - +0 buckler {rC+}
rNeg    + + +      Spirit   .    Y - +2 pearl dragon scales
rPois   +          Reflect  .    (helmet unavailable)
rElec   +          Rampage  .    E - scarf "Jojumos" {+Inv, rElec rF- Dex+3 Slay+5}
rCorr   .                        D - +3 pair of gauntlets of War {Slay+5}
Will    +....                    P - +1 pair of boots "Mesimieb" {MP+9 Str+5}
Stlth   +                        s - amulet of regeneration
HPRegen 1.21/turn                S - +6 ring of dexterity
MPRegen 0.24/turn                r - ring of protection from fire

@: weakened, studying Ice Magic
A: horns 3, icy blue scales 2, foul stench 2, augmentation 1, condensation
shield, clever 1, strong 1
a: Renounce Religion, Evoke Invisibility, Minor Destruction, Lesser Servant of
Makhleb, Major Destruction, Greater Servant of Makhleb


You were on level 2 of the Abyss.
You worshipped Makhleb.
Makhleb was exalted by your worship.
You visited 6 branches of the dungeon, and saw 23 of its levels.
You visited the Abyss 1 time.
You also visited: Sewer, Gauntlet and Ice Cave.

You collected 2677 gold pieces.
You spent 764 gold pieces at shops.

Inventory:

Hand Weapons
 v - the +11 long sword of Evolution (weapon) {flame, rElec rPois rN++ Int+3}
   (You bought it in a shop on level 2 of the Orcish Mines)

   Int:       It affects your intelligence (+3).
   rElec:     It insulates you from electricity.
   rPois:     It protects you from poison.
   rN:        It greatly protects you from negative energy.
 O - a +2 great sword of protection
 Z - the +9 falchion "Koqeber" {drain, rC- rN+++ Str+6}
   (You found it on level 9 of the Dungeon)

   Str:       It affects your strength (+6).
   rC:        It makes you vulnerable to cold.
   rN:        It renders you almost immune to negative energy.
Armour
 d - a +2 robe of resistance
 m - a +2 pair of boots of stealth
 D - the +3 pair of gauntlets of War (worn) {Slay+5}
   (You found it on level 5 of the Dungeon)

   Slay:      It affects your accuracy & damage with ranged weapons and melee
   (+5).
 E - the scarf "Jojumos" (worn) {+Inv, rElec rF- Dex+3 Slay+5}
   (You found it on level 5 of the Dungeon)

   Dex:       It affects your dexterity (+3).
   Slay:      It affects your accuracy & damage with ranged weapons and melee
   (+5).
   rF:        It makes you vulnerable to fire.
   rElec:     It insulates you from electricity.
 L - a +0 buckler of cold resistance (worn)
 P - the +1 pair of boots "Mesimieb" (worn) {MP+9 Str+5}
   (You found it in a Gauntlet)

   Str:       It affects your strength (+5).
   MP:        It affects your magic capacity (+9).
 Y - +2 pearl dragon scales (worn)
Jewellery
 a - the amulet "Vaqeack" {Spirit Stlth+}
   (You found it in a Gauntlet)

   [amulet of guardian spirit]

   It causes incoming damage to be divided between your reserves of health and
   magic.
   Stlth:     It makes you more stealthy.
 f - a ring of flight
 g - a +4 ring of protection
 r - a ring of protection from fire (right hand)
 s - an amulet of regeneration (around neck)
 w - a ring of protection from cold
 S - a +6 ring of dexterity (left hand)
Wands
 b - a wand of polymorph (10)
 e - a wand of flame (19)
 A - a wand of light (22)
 J - a wand of digging (17)
 N - a wand of mindburst (4)
 R - a wand of roots (17)
 X - a wand of paralysis (3)
Scrolls
 h - 5 scrolls of fear
 i - 12 scrolls of teleportation
 k - 5 scrolls of enchant armour
 p - 7 scrolls of enchant weapon
 x - 4 scrolls of magic mapping
 y - 6 scrolls of fog
 z - a scroll of identify
 I - a scroll of butterflies
 Q - 2 scrolls of blinking
 U - 3 scrolls of silence
 V - a scroll of immolation
Potions
 c - 3 potions of ambrosia
 j - 11 potions of curing
 l - 3 potions of mutation
 n - 7 potions of flight
 o - 5 potions of might
 t - 3 potions of lignification
 u - 9 potions of attraction
 B - a potion of cancellation {unknown}
 C - 2 potions of invisibility
 F - 5 potions of magic {unknown}
 G - 5 potions of heal wounds
 H - 6 potions of berserk rage
 K - 2 potions of resistance {unknown}
 M - 3 potions of brilliance {unknown}
 W - 6 potions of haste {unknown}
Miscellaneous
 q - a tin of tremorstones (2/2)


   Skills:
 + Level 12.0 Fighting
 + Level 3.4(10.5) Short Blades
 * Level 15.1(15.3) Long Blades
 + Level 10.7 Armour
 + Level 11.1 Dodging
 - Level 1.7 Stealth
 + Level 10.7 Shields
 + Level 14.2 Invocations


You had 15 spell levels left.
You didn't know any spells.
Your spell library contained the following spells:

 Spells                   Type           Power      Damage    Failure   Level
 Beastly Appendage        Tmut           0%         N/A       56%         1
 Kiss of Death            Conj/Necr      0%         2d5       56%         1
 Sandblast                Erth           0%         2d4       56%         1
 Sting                    Tmut/Pois      0%         1d3       56%         1
 Summon Small Mammal      Summ           0%         N/A       56%         1
 Blink                    Tloc           0%         N/A       71%         2
 Lesser Beckoning         Tloc           0%         N/A       71%         2
 Momentum Strike          Conj/Tloc      0%         3d8       71%         2
 Passwall                 Tmut/Erth      0%         N/A       71%         2
 Poisonous Vapours        Pois/Air       0%         N/A       71%         2
 Wereblood                Tmut           0%         N/A       71%         2
 Call Canine Familiar     Summ           0%         N/A       91%         3
 Confusing Touch          Hex            0%         N/A       91%         3
 Gell's Gravitas          Tloc           0%         N/A       91%         3
 Hailstorm                Conj/Ice       0%         3d3       91%         3
 Portal Projectile        Hex/Tloc       0%         N/A       91%         3
 Spider Form              Tmut/Pois      0%         N/A       91%         3
 Stone Arrow              Conj/Erth      0%         3d7       91%         3
 Summon Guardian Golem    Hex/Summ       0%         N/A       91%         3
 Teleport Other           Tloc           0%         N/A       91%         3
 Tukima's Dance           Hex            0%         N/A       91%         3
 Anguish                  Hex/Necr       0%         N/A       100%        4
 Cause Fear               Hex            0%         N/A       100%        4
 Dispel Undead            Necr           0%         3d6       100%        4
 Ice Form                 Ice/Tmut       0%         N/A       100%        4
 Manifold Assault         Tloc           0%         N/A       100%        4
 Olgreb's Toxic Radiance  Pois           0%         N/A       100%        4
 Blade Hands              Tmut           0%         N/A       100%        5
 Dispersal                Tloc           0%         N/A       100%        6
 Simulacrum               Ice/Necr       0%         N/A       100%        6
 Dragon Form              Tmut           0%         N/A       100%        7
 Enfeeble                 Hex            0%         N/A       100%        7
 Disjunction              Tloc           0%         N/A       100%        8
 Dragon's Call            Summ           0%         N/A       100%        9


Dungeon Overview and Level Annotations

Branches:
Dungeon (13/15)            Temple (1/1) D:5            Lair (5/5) D:10
 Shoals (0/4) Lair:3        Snake (1/4) Lair:2        Slime (0/5) Lair:5
    Orc (2/2) D:10            Elf (1/3) Orc:2         Sewer (visited)
  IceCv (visited)         Gauntlet (visited)
 Vaults: D:13-14

Altars:
Hepliaklqana
Kikubaaqudgha
Makhleb
Nemelex Xobeh
Sif Muna
Vehumet
Xom
Yredelemnul
Jiyva

Shops:
D:1 ([?   Orc:2 ([***   Snake:1 (*[

Annotations:
D:4 Edmund
D:7 3 runed translucent doors, greenreed's ghost, novice MiFi


Innate Abilities, Weirdness & Mutations

You have a pair of large horns on your head.
You are mostly covered in icy blue scales. (AC +3)
You sometimes emit foul miasma when damaged in melee.
Your magical and physical power is slightly enhanced at high health.
A meltable shield of frost defends you. (SH +4)
Your mind is acute. (Int +4, Str/Dex -1)
Your muscles are strong. (Str +4, Int/Dex -1)


Message History

The bone dragon tramples your cacodemon.
Your cacodemon holds its ground!
You slice the thrashing horror!!
You destroy the thrashing horror!
Makhleb accepts your kill.
You feel better.
Your Executioner hits the Hell Sentinel!
Your Executioner completely misses the Hell Sentinel.
Your Executioner hits the Hell Sentinel but does no damage.
Your cacodemon gestures at the bone dragon.
The bolt of energy hits the bone dragon!!
The Hell Sentinel hits you!
* * * LOW HITPOINT WARNING * * *
The Hell Sentinel hits you but does no damage.
Your Executioner hits the Hell Sentinel but does no damage.
Your Executioner barely misses the Hell Sentinel.
Your Executioner hits the Hell Sentinel.
Unknown command.
You hit the Hell Sentinel but do no damage.
You headbutt the Hell Sentinel!
The Hell Sentinel is severely wounded.
The bone dragon bites your cacodemon.
The bone dragon claws your cacodemon but does no damage.
The bone dragon tramples your cacodemon but does no damage.
Your Executioner hits the Hell Sentinel!!
Your Executioner hits the Hell Sentinel but does no damage. x2
Your cacodemon hits the bone dragon. Your cacodemon hits the bone dragon!!
The raiju bites your cacodemon! The raiju shocks your cacodemon.
Your cacodemon resists.
Unknown command.
You hit the Hell Sentinel but do no damage.
The Hell Sentinel is severely wounded.
Your Executioner hits the Hell Sentinel.
Your Executioner barely misses the Hell Sentinel.
Your Executioner hits the Hell Sentinel.
The Hell Sentinel gestures at your Executioner.
The sphere of damnation explodes!
The damnation engulfs your Executioner!
The damnation engulfs the Hell Sentinel.
The Hell Sentinel completely resists.
The damnation engulfs you!!!
You die...

.. .. .# . . . #
# . #. ..# # .###
. ###† . ...# .#
. # #..### #.#
.... .
#..#...#.....#...
. ####.## . .
1.... #..#†.### .
# . . #
§#@#...#..# . . .
.#>11# ### #.. ..
#.##2D###. .## D
#.###hhh.# ...
..# ## #.###.. .#
# . ##.. ### . ..
.. # #.## . #...
. .# . . . . #. #
.


You could see a bone dragon (ally target), a Hell Sentinel (distracted, ally
target), 3 raiju, a friendly cacodemon (summoned) and a friendly Executioner
(summoned).

Vanquished Creatures
  3 tentacled starspawn (Abyss:2)
  Gastronok (Lair:1)
  A frost giant (IceCv)
  3 very ugly things (Abyss:2)
  An ettin (Orc:1)
  An eidolon (Abyss:2)
  An ice dragon (Lair:3)
  A centaur warrior (D:13)
  6 hydras
  3 dancing weapons (Elf:1)
  3 boulder beetles
  A catoblepas (Lair:5)
  7 two-headed ogres
  6 anacondas (Snake:1)
  A naga warrior (Snake:1)
  8 death yaks
  A shock serpent (Snake:1)
  2 thrashing horrors (Abyss:2)
  2 orc high priests (Orc:2)
  Sonja (D:11)
  Nergalle (D:11)
  3 deep elf knights (Elf:1)
  Amaemon (Lair:2)
  A skeletal warrior (D:10)
  2 wretched stars (Abyss:2)
  2 sixfirhies (Gauntlet)
  3 naga ritualists (Snake:1)
  3 sea snakes (Snake:1)
  4 deep elf archers (Elf:1)
  5 orc knights
  Pikel (D:4)
  11 starcursed masses (Abyss:2)
  2 mana vipers (Snake:1)
  A lindwurm (Lair:5)
  4 deep elf zephyrmancers (Elf:1)
  6 deep elf pyromancers
  A harpy (D:10)
  7 orc sorcerers (Orc:2)
  8 cyclopes
  A will-o-the-wisp (Abyss:2)
  5 ugly things
  A salamander (Snake:1)
  A guardian serpent (Abyss:2)
  2 worldbinders (Abyss:2)
  An ice statue (IceCv)
  20 black mambas
  10 elephants
  2 orange demons
  2 torpor snails (Lair:5)
  2 smoke demons (Abyss:2)
  4 naga magi (Snake:1)
  Maggie (D:10)
  10 rime drakes
  8 cane toads
  A kobold demonologist (D:12)
  An ancient zyme (Abyss:2)
  7 komodo dragons
  An efreet (D:13)
  6 trolls
  7 polar bears
  2 hornets
  20 blink frogs
  2 raiju (Abyss:2)
  A tyrant leech (Gauntlet)
  7 dream sheep
  4 shadows
  3 centaur simulacra (Gauntlet)
  An air elemental (Elf:1)
  4 ynoxinuls (Abyss:2)
  3 wyverns
  3 wraiths
  40 yaks
  A vampire (D:10)
  3 basilisks
  2 steam dragons
  3 vampire mosquitoes (D:12)
  Menkaure (D:7)
  4 wargs
  6 acid dragons
  15 water moccasins
  9 nagas
  6 large abominations (Abyss:2)
  3 swamp worms (Gauntlet)
  5 small abominations (Abyss:2)
  A hornet zombie (D:6)
  24 orc warriors
  4 sky beasts
  A black bear (D:7)
  6 ogres
  21 wolves
  3 centaurs
  A lemure (D:4)
  A phantom (D:6)
  3 kobold brigands
  2 gnoll sergeants
  9 bullfrogs
  2 wyvern zombies (D:6)
  2 scorpions
  4 wights (D:8)
  2 water moccasin zombies (D:6)
  4 killer bees (D:9)
  5 howler monkeys
  3 electric eels
  A crimson imp (Abyss:2)
  A centaur zombie (D:6)
  2 quasits (Abyss:2)
  A wyvern simulacrum (Gauntlet)
  3 hounds
  2 jellies
  3 bullfrog zombies (D:6)
  A centaur skeleton (D:6)
  23 orc priests
  3 sleepcaps
  A gnoll bouda (D:9)
  44 orc wizards
  Natasha (thrice) (D:4)
  6 iguanas
  5 hell rats (Lair:3)
  2 killer bee zombies (D:6)
  Robin (D:2)
  9 gnolls
  A howler monkey skeleton (D:6)
  8 adders
  A river rat (Sewer)
  4 white imps
  2 ufetubi
  3 worms
  2 dart slugs
  50 orcs
  2 endoplasms
  3 giant cockroaches
  11 goblins (D:2)
  7 hobgoblins
  2 jackals (Sewer)
  8 quokkas
  9 ball pythons
  9 bats
  7 kobolds
  9 rats
  3 rat zombies (D:9)
  A fire vortex (Lair:3)
711 creatures vanquished.

Vanquished Creatures (collateral kills)
  A bone dragon (Abyss:2)
  A minotaur (Gauntlet)
  A hydra (Lair:5)
  2 two-headed ogres
  A thrashing horror (Abyss:2)
  A rime drake (Lair:5)
  A polar bear (IceCv)
  A yak (Lair:2)
  An orc warrior (Orc:2)
  A wolf (IceCv)
  4 orc wizards
15 creatures vanquished.

Vanquished Creatures (others)
  4 foxfires (Abyss:2)
  6 fungi
  29 plants
  6 starspawn tentacles (Abyss:2)
  A withered plant (D:6)
46 creatures vanquished.

Grand Total: 772 creatures vanquished

Notes
Turn   | Place    | Note
-------+----------+-------------------------------------------
     0 | D:1      | valliere the Demonspawn Monk began the quest for the Orb.
     0 | D:1      | Reached XP level 1. HP: 18/18 MP: 1/1
    20 | D:1      | Found Limouz's Magic Scroll Shoppe.
    39 | D:1      | Found Ruxac's Antique Armour Emporium.
   353 | D:1      | Gained mutation: You are partially covered in icy blue
                  | scales. (AC +2) [demonic ancestry]
   353 | D:1      | Reached XP level 2. HP: 24/24 MP: 2/2
   441 | D:1      | Found Cuken's Weapon Emporium.
   644 | D:2      | Found a faded altar of an unknown god.
   761 | D:2      | Reached skill level 3 in Long Blades
   977 | D:2      | Gained mutation: You may rarely emit foul miasma when
                  | damaged in melee. [demonic ancestry]
   977 | D:2      | Reached XP level 3. HP: 29/29 MP: 3/3
  1043 | D:2      | Noticed Robin
  1080 | D:2      | Reached skill level 1 in Shields
  1312 | D:2      | Killed Robin
  1673 | D:3      | Gained mutation: You have a pair of small horns on your
                  | head. [demonic ancestry]
  1673 | D:3      | Reached XP level 4. HP: 35/35 MP: 4/4
  1918 | D:3      | Reached skill level 1 in Armour
  1918 | D:3      | Gained mutation: You have a pair of horns on your head.
                  | [demonic ancestry]
  1918 | D:3      | Reached XP level 5. HP: 39/41 MP: 5/5
  2582 | D:4      | Noticed Edmund
  2654 | D:4      | Reached skill level 4 in Long Blades
  2747 | D:4      | Noticed Natasha
  2757 | D:4      | Killed Natasha
  2802 | D:4      | Noticed Natasha
  2862 | D:4      | Killed Natasha
  2935 | D:4      | Gained mutation: You are mostly covered in icy blue scales.
                  | (AC +3) [demonic ancestry]
  2935 | D:4      | Reached XP level 6. HP: 48/48 MP: 6/6
  3016 | D:4      | Noticed Natasha
  3023 | D:4      | Killed Natasha
  3211 | D:4      | Noticed Pikel
  3250 | D:4      | Killed Pikel
  3251 | D:4      | Reached skill level 5 in Long Blades
  3251 | D:4      | Gained mutation: You have a pair of large horns on your
                  | head. [demonic ancestry]
  3251 | D:4      | Reached XP level 7. HP: 26/55 MP: 7/7
  3334 | D:5      | Entered Level 5 of the Dungeon
  3405 | D:5      | Found the +3 pair of gauntlets of War {Slay+5}
  3436 | D:5      | Found a staircase to the Ecumenical Temple.
  3442 | Temple   | Entered the Ecumenical Temple
  3451 | Temple   | Became a worshipper of Makhleb the Destroyer
  3451 | Temple   | Reached * piety under Makhleb
  3451 | Temple   | Reached ** piety under Makhleb
  3632 | D:5      | Identified the scarf "Jojumos" {+Inv, rElec rF- Dex+3
                  | Slay+5}
  3669 | D:5      | Gained mutation: Your magical and physical power is
                  | slightly enhanced at high health. [demonic ancestry]
  3669 | D:5      | Reached XP level 8. HP: 61/61 MP: 8/8
  3673 | D:5      | Reached skill level 1 in Invocations
  3858 | D:5      | Reached skill level 6 in Long Blades
  3863 | D:5      | Found a glowing drain.
  3872 | Sewer    | Entered a sewer
  3931 | Sewer    | Reached skill level 5 in Fighting
  4430 | D:6      | Reached skill level 5 in Dodging
  4534 | D:6      | Reached XP level 9. HP: 68/68 MP: 11/11
  4594 | D:6      | Reached *** piety under Makhleb
  4734 | D:6      | Reached skill level 7 in Long Blades
  5035 | D:7      | Found a runed translucent gate.
  5038 | D:7      | Found a runed translucent gate.
  5044 | D:7      | Found a runed translucent gate.
  5047 | D:7      | Noticed greenreed's ghost (novice MiFi)
  5213 | D:7      | Noticed Menkaure
  5220 | D:7      | Killed Menkaure
  5291 | D:7      | Noticed a two-headed ogre
  5298 | D:7      | Killed a two-headed ogre
  5299 | D:7      | Reached skill level 5 in Invocations
  5744 | D:7      | Reached XP level 10. HP: 76/76 MP: 13/13
  5921 | D:8      | Reached skill level 8 in Long Blades
  5922 | D:8      | Reached skill level 5 in Shields
  6069 | D:8      | Reached skill level 5 in Armour
  6197 | D:8      | Found a hazy altar of Hepliaklqana.
  6198 | D:8      | Found a shimmering altar of Xom.
  6421 | D:8      | Reached **** piety under Makhleb
  6645 | D:8      | Found a sparkling altar of Nemelex Xobeh.
  6741 | D:9      | Identified the +9 falchion "Koqeber" {drain, rC- rN+++
                  | Str+6}
  6779 | D:9      | Found an ancient bone altar of Kikubaaqudgha.
  7194 | D:10     | Entered Level 10 of the Dungeon
  7194 | D:10     | Found a staircase to the Lair.
  7272 | D:10     | Reached skill level 9 in Long Blades
  7305 | D:10     | Found a staircase to the Orcish Mines.
  7536 | D:10     | Reached XP level 11. HP: 84/84 MP: 16/16
  7559 | D:10     | Noticed a skeletal warrior
  7566 | D:10     | Noticed a two-headed ogre
  7581 | D:10     | Killed a skeletal warrior
  7611 | D:10     | Noticed a harpy
  7623 | D:10     | Killed a harpy
  7624 | D:10     | Killed a two-headed ogre
  7835 | D:10     | Noticed Maggie
  7844 | D:10     | Killed Maggie
  8037 | D:11     | Noticed Sonja
  8040 | D:11     | Killed Sonja
  8040 | D:11     | Reached ***** piety under Makhleb
  8085 | D:11     | Reached skill level 10 in Long Blades
  8108 | D:11     | Noticed a two-headed ogre
  8111 | D:11     | Killed a two-headed ogre
  8149 | D:11     | Noticed a two-headed ogre
  8157 | D:11     | Killed a two-headed ogre
  8232 | D:11     | Noticed a two-headed ogre
  8243 | D:11     | Killed a two-headed ogre
  8250 | D:11     | Gained mutation: You sometimes emit foul miasma when
                  | damaged in melee. [demonic ancestry]
  8250 | D:11     | Reached XP level 12. HP: 89/93 MP: 18/18
  8261 | D:11     | Noticed Nergalle
  8273 | D:11     | Killed Nergalle
  8683 | D:12     | Noticed a two-headed ogre
  8688 | D:12     | Noticed a two-headed ogre
  8688 | D:12     | Noticed a boulder beetle
  8699 | D:12     | Killed a two-headed ogre
  8707 | D:12     | Killed a two-headed ogre
  8730 | D:12     | Killed a boulder beetle
  8826 | D:12     | Reached skill level 11 in Long Blades
  8933 | D:12     | Identified the +3 rapier "Isic" {protect, rC++ Dex-5}
  8936 | D:12     | You are sucked into a shaft and drop 1 floor!
  9027 | D:13     | Noticed a centaur warrior
  9032 | D:13     | Killed a centaur warrior
  9099 | D:13     | Noticed a two-headed ogre
  9104 | D:13     | Killed a two-headed ogre
  9550 | Lair:1   | Entered Level 1 of the Lair of Beasts
  9635 | Lair:1   | Noticed Gastronok
  9652 | Lair:1   | Killed Gastronok
  9653 | Lair:1   | Reached skill level 10 in Invocations
 10114 | Lair:1   | Gained mutation: A meltable shield of frost defends you.
                  | (SH +4) [demonic ancestry]
 10114 | Lair:1   | Reached XP level 13. HP: 101/101 MP: 20/20
 10408 | Lair:2   | Upgraded the game from 0.30-a0-1053-gbd8d5ba0ad to
                  | 0.30-a0-1066-g63dfefce0d
 10424 | Lair:2   | Noticed Amaemon
 10442 | Lair:2   | Killed Amaemon
 10485 | Lair:2   | Found a staircase to the Snake Pit.
 10587 | Lair:2   | You are sucked into a shaft and drop 1 floor!
 10607 | Lair:3   | Reached skill level 12 in Long Blades
 10705 | Lair:3   | Found a staircase to the Shoals.
 11194 | Lair:3   | Found a frozen archway.
 11229 | IceCv    | Entered an ice cave
 11357 | IceCv    | Reached skill level 10 in Fighting
 11395 | IceCv    | Noticed a frost giant
 11406 | IceCv    | Killed a frost giant
 11409 | IceCv    | Reached XP level 14. HP: 110/110 MP: 22/22
 12583 | Lair:4   | Reached skill level 13 in Long Blades
 13372 | Lair:5   | Entered Level 5 of the Lair of Beasts
 13505 | Lair:5   | Found a viscous altar of Jiyva.
 13584 | Lair:5   | Found a staircase to the Slime Pits.
 14182 | Lair:5   | Reached ****** piety under Makhleb
 14197 | Lair:5   | Reached skill level 10 in Dodging
 14198 | Lair:5   | Identified the +0 robe "Lairch" {Will+ Regen+}
 14551 | Snake:1  | Entered Level 1 of the Snake Pit
 14792 | Snake:1  | Reached XP level 15. HP: 118/118 MP: 24/24
 15001 | Snake:1  | Identified the staff of fire "Gazaimak" {*Slow rF+ Str+5}
 15273 | Snake:1  | Found Anlean's Antique Armour Shoppe.
 15275 | Snake:1  | Found Tuojiunn's Assorted Antiques.
 15275 | Snake:1  | Found Xorit's Assorted Antiques.
 15279 | Snake:1  | Found Foys Gitt's Weapon Emporium.
 15284 | Snake:1  | Reached skill level 14 in Long Blades
 15306 | Snake:1  | Identified the +6 hand axe of Udufyzibb {venom, rElec rF+
                  | Str+3}
 15315 | Snake:1  | Found a shimmering blue altar of Sif Muna.
 16127 | Orc:1    | Entered Level 1 of the Orcish Mines
 16209 | Orc:2    | Entered Level 2 of the Orcish Mines
 16258 | Orc:2    | Reached skill level 10 in Shields
 16264 | Orc:2    | Found a staircase to the Elven Halls.
 16510 | Orc:2    | Paralysed by an orc sorcerer for 5 turns
 16518 | Orc:2    | HP: 5/119 [barbs]
 16519 | Orc:2    | HP: 1/119 [barbs]
 16605 | Orc:2    | Reached skill level 10 in Armour
 16637 | Orc:2    | Found a gate leading to a gauntlet.
 16646 | Gauntlet | Entered a Gauntlet
 16646 | Gauntlet | Found a transporter.
 16646 | Gauntlet | Found a transporter.
 16703 | Gauntlet | Found a transporter.
 16706 | Gauntlet | Found a transporter.
 16706 | Gauntlet | Found a transporter.
 16706 | Gauntlet | Found a transporter.
 16708 | Gauntlet | Found a large runed translucent door.
 16709 | Gauntlet | Found a large runed translucent door.
 16710 | Gauntlet | Found a large runed translucent door.
 16710 | Gauntlet | Found a large runed translucent door.
 16710 | Gauntlet | Found a runed translucent door.
 16711 | Gauntlet | Found a large runed translucent door.
 16712 | Gauntlet | Found a large runed translucent door.
 16713 | Gauntlet | Found a large runed translucent door.
 16713 | Gauntlet | Found a large runed translucent door.
 16714 | Gauntlet | Found a runed translucent gate.
 16716 | Gauntlet | Found a transporter.
 16720 | Gauntlet | Found a transporter.
 16730 | Gauntlet | Found a transporter.
 16731 | Gauntlet | Found a transporter.
 16731 | Gauntlet | Found a transporter.
 16758 | Gauntlet | Found a transporter.
 16760 | Gauntlet | Found a runed translucent gate.
 16760 | Gauntlet | Found a runed translucent gate.
 16761 | Gauntlet | Found a large runed translucent door.
 16761 | Gauntlet | Found a large runed translucent door.
 16762 | Gauntlet | Found a large runed translucent door.
 16763 | Gauntlet | Found a large runed translucent door.
 16764 | Gauntlet | Found a large runed translucent door.
 16764 | Gauntlet | Found a large runed translucent door.
 16764 | Gauntlet | Found a runed translucent door.
 16765 | Gauntlet | Found a large runed translucent door.
 16766 | Gauntlet | Found a large runed translucent door.
 16950 | Gauntlet | Identified the +1 pair of boots "Mesimieb" {MP+9 Str+5}
 16973 | Gauntlet | Identified the amulet "Vaqeack" {Spirit Stlth+}
 17139 | Orc:2    | Reached skill level 1 in Short Blades
 17196 | Orc:2    | Found Vute's Antique Armour Shoppe.
 17196 | Orc:2    | Found Roboddy's Assorted Antiques.
 17201 | Orc:2    | Found Wipsabeu's Assorted Antiques.
 17201 | Orc:2    | Found Reps's General Store.
 17223 | Orc:2    | Bought a potion of mutation for 120 gold pieces
 17224 | Orc:2    | Bought a potion of mutation for 248 gold pieces
 17225 | Orc:2    | Bought a runed buckler for 150 gold pieces
 17230 | Orc:2    | Gained mutation: Your muscles are strong. (Str +4, Int/Dex
                  | -1) [potion of mutation]
 17230 | Orc:2    | Gained mutation: Your mind is acute. (Int +4, Str/Dex -1)
                  | [potion of mutation]
 17283 | Orc:2    | Found Hiffemn's Antique Weapon Emporium.
 17301 | Orc:2    | Bought a transparent long sword for 246 gold pieces
 17301 | Orc:2    | Identified the +11 long sword of Evolution {flame, rElec
                  | rPois rN++ Int+3} (You bought it in a shop on level 2 of
                  | the Orcish Mines)
 17722 | Orc:2    | Paralysed by an orc sorcerer for 5 turns
 18170 | Elf:1    | Entered Level 1 of the Elven Halls
 18190 | Elf:1    | Found a radiant altar of Vehumet.
 18494 | Elf:1    | Identified the +8 quarterstaff "With Two Names" {venom,
                  | rElec rF- Dex+6}
 18506 | Abyss:2  | Cast into level 2 of the Abyss (a deep elf demonologist)
 18508 | Abyss:2  | Found a corrupted altar of Lugonu.
 18553 | Abyss:2  | Found a corrupted altar of Lugonu.
 18645 | Abyss:2  | Noticed a tentacled starspawn
 18655 | Abyss:2  | Killed a tentacled starspawn
 18656 | Abyss:2  | Reached XP level 16. HP: 116/127 MP: 26/26
 18785 | Abyss:2  | Noticed a tentacled starspawn
 18793 | Abyss:2  | Killed a tentacled starspawn
 19048 | Abyss:2  | Reached skill level 15 in Long Blades
 19116 | Abyss:2  | Noticed a tentacled starspawn
 19131 | Abyss:2  | Killed a tentacled starspawn
 19234 | Abyss:2  | Noticed a bone dragon
 19238 | Abyss:2  | Noticed a Hell Sentinel
 19269 | Abyss:2  | Noticed a bone dragon
 19270 | Abyss:2  | Killed a bone dragon
 19279 | Abyss:2  | Killed from afar by a Hell Sentinel

Illustrated notes

Levels and vault maps discovered:
D:1:      minmay_arrival_radiant_lines, layout_loops_ring, serial_shops,
          nicolae_shop_bloodbath_and_beyond, shop_fountains, shop,
          serial_forest, infiniplex_forest_clump_large,
          infiniplex_forest_straight_2, infiniplex_forest_lined_2,
          infiniplex_forest_straight_1
D:2:      layout_loops_cross, chequers_ecumenical_altar_island, uniq_robin
D:3:      layout_loops_ring
D:4:      layout_loops_ring, hangedman_glass_garden, st_stairs_13, uniq_natasha,
          uniq_pikel, uniq_edmund
D:5:      layout_basic, minmay_temple_entry_gardened_gates, gup_sewer_entry_pipe
D:6:      layout_basic, serial_undead, serial_undead_c, serial_undead_b,
          serial_undead_d, serial_undead_a, serial_undead_b, serial_undead_e,
          serial_undead_b, serial_undead_d
D:7:      layout_gridville, gammafunk_ghost_necromancy, uniq_menkaure
D:8:      layout_basic, regret_index_temple_of_mockery,
          nemelex_diamond_rough_becter, serial_glass, glass_columns_a,
          glass_columns_a, glass_columns_b, glass_columns_b, glass_columns_b,
          due_unseen_surprise
D:9:      layout_roguey, lemuel_zombie_altar_kikubaaqudgha
D:10:     minmay_the_grid_3x3 [minmay_the_grid_square_x,
          minmay_the_grid_outer_diamond, minmay_the_grid_box_x,
          minmay_the_grid_eight, minmay_the_grid_x, minmay_the_grid_spikes,
          minmay_the_grid_tree, minmay_the_grid_diamond_grid,
          minmay_the_grid_prize_big_room], layout_gridville, david_orc_2,
          minivault_1, uniq_maggie
D:11:     layout_rooms, uniq_nergalle, uniq_sonja
D:12:     layout_stronghold, minmay_diced_spiral
D:13:     layout_loops_ring, grunt_vaults_entry_fortified
Temple:   regret_index_temple_mists
Lair:1:   layout_regular_city, minivault_24, uniq_gastronok
Lair:2:   layout_chaotic_city, guppyfry_snake_entry_garden, grunt_megastairs_5,
          uniq_amaemon
Lair:3:   layout_gridlike, minmay_shoals_entry_centaurs,
          portal_ice_cave_entry_animals_and_master
Lair:4:   layout_hall_layers, grunt_megastairs_4
Lair:5:   hangedman_lair_in_review, layout_cellular_growth, slime_entry_1,
          grunt_forest_small_clearings, lemuel_fruit_tree
Snake:1:  layout_layer_cave, basic_altar, minmay_shoptagon, serial_bayou_shore_a
Orc:1:    layout_diamond_mine, serial_shops
Orc:2:    st_orc_mages, layout_caves, gauntlet_entry_generic,
          nicolae_orc_flooded_monolith, guppyfry_orc_lava_fort
Elf:1:    eino_elf_arrival_altar, layout_geoelf_grid, orc_legates,
          serial_sigils_hangedman_etch, uniq_frances
Abyss:2:  base: Snake:2, eino_small_chamber_without_monster

Skill      XL: |  1  2  3  4  5  6  7  8  9 10 11 12 13 14 15 16 |
---------------+-------------------------------------------------+-----
Long Blades    | 3 4 5 6 7 9 10 11 12 13 14 15 | 15.1
Dodging        | 3 4 5 6 7 8 9 10 11 | 11.1
Shields        | 1 2 3 4 5 6 7 8 9 10 | 10.7
Armour         | 1 2 3 4 5 6 7 8 9 10 | 10.7
Fighting       | 4 5 6 7 8 9 10 11 12 | 12.0
Invocations    | 3 5 7 8 10 11 12 13 14 | 14.2
Short Blades   | 2 3 |  3.4
Stealth        | |  1.7

Action                     |  1- 3 |  4- 6 |  7- 9 | 10-12 | 13-15 | 16-18 || total
---------------------------+-------+-------+-------+-------+-------+-------++-------
  Melee: Falchion          |   113 |   153 |   143 |   248 |   614 |       ||  1271
         Punch             |     1 |     4 |     2 |     9 |    14 |       ||    30
         Headbutt          |       |    31 |    28 |    66 |   207 |    50 ||   382
         Great sword       |       |       |    14 |    57 |    68 |       ||   139
         Long sword        |       |       |       |       |   152 |   155 ||   307
 Invoke: Minor Destruction |       |       |    52 |    16 |    40 |     1 ||   109
         Lesser Servant of |       |       |     1 |     7 |    11 |       ||    19
         Major Destruction |       |       |       |     4 |     4 |       ||     8
         Greater Servant o |       |       |       |       |     1 |     2 ||     3
  Evoke: Wand              |       |       |       |     1 |       |       ||     1
    Use: Scroll            |       |     4 |     5 |     7 |     9 |       ||    25
         Potion            |       |       |       |       |     2 |       ||     2
   Stab: Sleeping          |     5 |     3 |     3 |     5 |     9 |       ||    25
         Distracted        |       |       |       |     4 |     9 |       ||    13
 Armour: Robe              |     9 |       |       |       |   171 |       ||   180
         Leather armour    |    25 |    57 |    59 |    93 |    68 |       ||   302
         Ring mail         |       |       |       |     3 |       |       ||     3
         Pearl dragon scal |       |       |       |       |    30 |    36 ||    66
  Dodge: Dodged            |    63 |    74 |    93 |   190 |   586 |    68 ||  1074
  Block: Other             |       |       |       |       |    90 |       ||    90
         Buckler           |       |       |       |       |    58 |    49 ||   107

Table legend: (Time is in decaauts)
 A = Elapsed time spent in this place.
 B = Non-inter-level travel time spent in this place.
 C = Inter-level travel time spent in this place.
 D = Time resting spent in this place.
 E = Time spent auto-exploring this place.
 F = Levels seen in this place.
 G = Mean time per level.
                   A        B        C        D        E       F      G
               +--------+--------+--------+--------+--------+-----+--------+
         Total |  19023 |  17807 |   1216 |    245 |  12804 |  27 |  704.6 |
       Dungeon |   9453 |   8863 |    590 |    194 |   6282 |  13 |  727.2 |
        Temple |     18 |     18 |      0 |      0 |      0 |   1 |   18.0 |
          Lair |   4557 |   4168 |    389 |      0 |   3418 |   5 |  911.4 |
     Snake Pit |   1466 |   1406 |     60 |      0 |   1179 |   1 | 1466.0 |
  Orcish Mines |   1498 |   1323 |    175 |      0 |    828 |   2 |  749.0 |
   Elven Halls |    325 |    325 |      0 |     39 |    149 |   1 |  325.0 |
         Abyss |    736 |    736 |      0 |     12 |    401 |   1 |  736.0 |
         Sewer |    121 |    121 |      0 |      0 |     71 |   1 |  121.0 |
      Ice Cave |    388 |    388 |      0 |      0 |    216 |   1 |  388.0 |
      Gauntlet |    456 |    456 |      0 |      0 |    259 |   1 |  456.0 |
               +--------+--------+--------+--------+--------+-----+--------+

Top non-repeatable levels by time:
 Snake:1: 1466 daAuts
   Orc:2: 1125 daAuts
  Lair:5: 1072 daAuts
     D:5: 1042 daAuts
     D:3: 1004 daAuts
     D:2: 998 daAuts
     D:8: 914 daAuts
  Lair:3: 904 daAuts
  Lair:4: 900 daAuts
    D:10: 890 daAuts
  Lair:2: 855 daAuts
     D:7: 835 daAuts
  Lair:1: 825 daAuts
 Abyss:2: 736 daAuts
     D:6: 733 daAuts
